 Dungeon Crawl Stone Soup version 0.29-a0-2-g12fcac58f8 (webtiles) character file.

Game seed: 10800532017766006178

19 cyrus the Grave Robber (level 2, 0/19 HPs)
             Began as a Human Necromancer on Jan 26, 2022.
             Slain by an adder (4 damage)
             ... on level 2 of the Dungeon on Jan 27, 2022.
             The game lasted 00:06:31 (1590 turns).

cyrus the Grave Robber (Human Necromancer)          Turns: 1590, Time: 00:06:32

Health: 0/19       AC:  2    Str:  8    XL:     2   Next: 95%
Magic:  1/5        EV: 12    Int: 15    God:
Gold:   42         SH:  0    Dex: 13    Spells: 1/5 levels left

rFire   . . .      SeeInvis .   (no weapon)
rCold   . . .      Faith    .   (no shield)
rNeg    . . .      Spirit   .   a - +0 robe
rPois   .          Reflect  .   (no helmet)
rElec   .          Harm     .   (no cloak)
rCorr   .          Rampage  .   (no gloves)
Will    .....                   (no boots)
Stlth   ++........              (no amulet)
HPRegen 0.06/turn               (no ring)
MPRegen 0.09/turn               (no ring)

@: lethally poisoned (0 -> -3)
A: no striking features
a: no special abilities


You were on level 2 of the Dungeon.
You visited 1 branch of the dungeon, and saw 2 of its levels.

You collected 42 gold pieces.

Inventory:

Armour
 a - a +0 robe (worn)
Scrolls
 b - a scroll of enchant weapon {unknown}
Potions
 c - a potion of ambrosia {unknown}


   Skills:
 + Level 2.0 Dodging
 + Level 2.1 Stealth
 + Level 2.2 Spellcasting
 + Level 0.3 Summonings
 + Level 4.4 Necromancy


You had one spell level left.
You knew the following spells:

 Your Spells              Type           Power      Damage    Failure   Level
a - Pain                  Necr           60%        1d7       3%          1
b - Animate Skeleton      Necr           30%        N/A       3%          1
c - Apportation           Tloc           2%         N/A       22%         1
d - Summon Small Mammal   Summ           8%         N/A       19%         1

Your spell library contained the following spells:

 Spells                   Type           Power      Damage    Failure   Level
 Vampiric Draining        Necr           15%        2d7       11%         3
 Animate Dead             Necr           7%         N/A       34%         4
 Call Canine Familiar     Summ           2%         N/A       50%         3
 Portal Projectile        Hex/Tloc       2%         N/A       54%         3
 Agony                    Necr           15%        N/A       67%         5
 Leda's Liquefaction      Hex/Erth       0%         N/A       91%         4


Dungeon Overview and Level Annotations

Branches:
Dungeon (2/15)

Altars:


Message History

The ball python grabs your bat. The ball python constricts your bat.
Your bat struggles to escape constriction.
The adder bites you. The hobgoblin hits your bat.
The ball python bites your bat.
Your bat dies!
Your bat's corpse disappears in a puff of smoke!
Found a stone staircase leading down.
Your bat hits the hobgoblin.
The ball python barely misses your bat. x2
The bat hits you but does no damage. The adder closely misses you.
Casting: Summon Small Mammal (safe; 19% risk of failure)
Confirm with . or Enter, or press ? or * to list all spells.
The bat hits you.
Your bat hits the hobgoblin. The adder barely misses you.
The bat hits your rat but does no damage.
Your bat completely misses the hobgoblin.
The ball python bites your bat.
Your bat dies!
Your bat's corpse disappears in a puff of smoke!
The adder misses you. The bat closely misses you. The bat misses you.
The bat hits your rat but does no damage.
The bat hits your rat. The ball python misses your rat.
The ball python closely misses your rat.
The adder barely misses you. The ball python misses your rat.
The ball python grabs your rat. The ball python constricts your rat.
Your rat dies!
Your rat's corpse disappears in a puff of smoke!
The hobgoblin shouts!
You hit the adder.
The adder is lightly wounded.
The bat misses you. The adder bites you.
You are poisoned.
The adder poisons you!
You feel sick.
You feel sick. The bat hits you.
* * * LOW HITPOINT WARNING * * *
A frilled lizard comes into view.
* * * LOW HITPOINT WARNING * * *
You feel sick. The bat barely misses you. The bat closely misses you.
The adder bites you.
You die...

... ....## #.
#.#######..... #.
#....#......# ###.
#....#.....>#
...##.#..#..[...#
#..#............# #.#
#..##.#........#.....
####..#.......Sb@...#
......<..†...g.S....#
####..#.#####.###...#
#..#.# #.# ...#
#..#.# #.# ...#
.#.#.# #.# l..#
S###... ..# ...# ..
#.# ... ...# #. #.#


You could see an adder, a hobgoblin, a bat, a ball python and a frilled lizard
(asleep).

Vanquished Creatures
  A ball python (D:1)
  2 endoplasms (D:1)
  2 hobgoblins (D:1)
  2 frilled lizards (D:1)
  2 rats (D:1)
9 creatures vanquished.

Vanquished Creatures (collateral kills)
  A giant cockroach (D:1)
  2 hobgoblins (D:1)
  A bat (D:2)
  A frilled lizard (D:1)
  2 kobolds (D:1)
  3 rats
10 creatures vanquished.

Grand Total: 19 creatures vanquished

Notes
Turn   | Place    | Note
-------+----------+-------------------------------------------
     0 | D:1      | cyrus the Human Necromancer began the quest for the Orb.
     0 | D:1      | Reached XP level 1. HP: 13/13 MP: 3/3
   116 | D:1      | Learned a level 1 spell: Animate Skeleton
   118 | D:1      | Learned a level 1 spell: Apportation
   275 | D:1      | Reached XP level 2. HP: 13/19 MP: 3/5
   277 | D:1      | Learned a level 1 spell: Summon Small Mammal
   658 | D:1      | Found a faded altar of an unknown god.
  1590 | D:2      | Slain by an adder

Illustrated notes

Levels and vault maps discovered:
D:1:      matt_arrival_diagonals, layout_basic,
          chequers_ecumenical_altar_simple_redux, st_stairs_10,
          minmay_fountain_box
D:2:      layout_loops_ring, uniq_natasha, uniq_crazy_yiuf_cottage, uniq_terence

Action                   || total
-------------------------++-------
Melee: Unarmed           ||    48
       Punch             ||     1
 Cast: Pain              ||     9
       Summon Small Mamm ||    19
 Stab: Sleeping          ||     1
Armor: Robe              ||    12
Dodge: Dodged            ||    46

Table legend: (Time is in decaauts)
 A = Elapsed time spent in this place.
 B = Non-inter-level travel time spent in this place.
 C = Inter-level travel time spent in this place.
 D = Time resting spent in this place.
 E = Time spent auto-exploring this place.
 F = Levels seen in this place.
 G = Mean time per level.
                   A        B        C        D        E       F      G
               +--------+--------+--------+--------+--------+-----+--------+
         Total |   1589 |   1589 |      0 |    564 |    695 |   2 |  794.5 |
       Dungeon |   1589 |   1589 |      0 |    564 |    695 |   2 |  794.5 |
               +--------+--------+--------+--------+--------+-----+--------+

Top non-repeatable levels by time:
     D:1: 1564 daAuts
     D:2: 25 daAuts
